 Dungeon Crawl Stone Soup version 0.30-a0-465-g8901f6c8b5 (webtiles) character file.

Game seed: 6005345131748240136

465 bjtr the Firebug (level 7, 0/36 HPs)
             Began as a Gargoyle Fire Elementalist on Dec 18, 2022.
             Was an Initiate of Vehumet.
             Slain by Duvessa
             ... wielding a +0 short sword
              (14 damage)
             ... on level 5 of the Dungeon.
             The game lasted 00:20:17 (4321 turns).

bjtr the Firebug (Gargoyle Fire Elementalist)       Turns: 4321, Time: 00:20:17

Health: 0/36       AC:  9    Str: 11    XL:     7   Next: 8%
Magic:  2/13       EV: 15    Int: 18    God:    Vehumet [......]
Gold:   276        SH:  3    Dex: 10    Spells: 6/14 levels left

rFire   . . .      SeeInvis .    k - +0 morningstar
rCold   . . .      Faith    .    n - +0 buckler
rNeg    + . .      Spirit   .    w - +0 leather armour
rPois   ∞          Reflect  .    (no helmet)
rElec   +          Harm     .    (no cloak)
rCorr   .          Rampage  .    i - +0 pair of gloves
Will    .....                    (no boots)
Stlth   ++........               (no amulet)
HPRegen 0.26/turn                o - +4 ring of evasion
MPRegen 0.13/turn                (no ring)

@: brilliant
A: sickness immunity, AC +4, negative energy resistance 1, electricity
resistance, torment resistance 1, petrification resistance
a: Renounce Religion


You were on level 5 of the Dungeon.
You worshipped Vehumet.
Vehumet was noncommittal.
You visited 2 branches of the dungeon, and saw 6 of its levels.

You collected 276 gold pieces.

Inventory:

Hand Weapons
 e - a +0 whip
 g - a +0 mace
 h - a +0 dagger
 k - a +0 morningstar (weapon)
 q - a +3 dagger
 v - a +0 flail
Missiles
 c - 41 stones
 j - 9 boomerangs
 y - 3 javelins
Armour
 f - a +0 ring mail
 i - a +0 pair of gloves (worn)
 n - a +0 buckler (worn)
 w - a +0 leather armour (worn)
 C - a +0 scale mail
Jewellery
 o - a +4 ring of evasion (left hand)
 u - an amulet of faith
Wands
 a - a wand of mindburst (11)
Scrolls
 m - a scroll of magic mapping
 t - a scroll of amnesia {unknown}
 B - a scroll of fear
Potions
 b - a potion of magic
 p - a potion of might {unknown}
 r - 2 potions of attraction
 x - a potion of resistance {unknown}
 z - a potion of lignification {unknown}
 A - a potion of heal wounds {unknown}


   Skills:
 + Level 0.3 Fighting
 * Level 2.5 Armour
 + Level 1.6 Dodging
 + Level 2.4 Stealth
 * Level 1.6 Shields
 * Level 4.4 Spellcasting
 * Level 2.1 Conjurations
 * Level 4.9 Fire Magic


You had 6 spell levels left.
You knew the following spells:

 Your Spells              Type           Power      Damage    Failure   Level
a - Foxfire               Conj/Fire      100%       2x1d9     6%          1
b - Scorch                Fire           64%        2d8       4%          2
c - Inner Flame           Hex/Fire       19%        N/A       26%         3
d - Searing Ray           Conj           34%        2d5       16%         2

Your spell library contained the following spells:

 Spells                   Type           Power      Damage    Failure   Level
 Magic Dart               Conj           68%        1d6       11%         1
 Shock                    Conj/Air       44%        1d5       16%         1
 Beastly Appendage        Tmut           12%        N/A       26%         1
 Slow                     Hex            24%        N/A       26%         1
 Wereblood                Tmut           6%         N/A       36%         2
 Kindle Blastsparks       Fire/Tloc/Air  30%        2d12      36%         3
 Flame Wave               Conj/Fire      25%        2d8       52%         4
 Confusing Touch          Hex            6%         N/A       58%         3
 Spider Form              Tmut/Pois      6%         N/A       58%         3
 Swiftness                Air            6%         N/A       58%         3
 Vampiric Draining        Necr           6%         2d6       58%         3
 Fulminant Prism          Conj/Hex       5%         3d7       85%         4
 Airstrike                Air            3%         2d(1-17)  94%         4
 Summon Hydra             Summ           3%         N/A       100%        7
 Sublimation of Blood     Necr           Unusable   N/A       N/A         2

Dungeon Overview and Level Annotations

Branches:
Dungeon (5/15)             Temple (1/1) D:4

Altars:
Ashenzari
Gozag
Hepliaklqana
Kikubaaqudgha
Makhleb
Nemelex Xobeh
Qazlal
Ru
Sif Muna
Trog
Uskayaw
Vehumet
Wu Jian
Xom
Yredelemnul
Zin
The Shining One

Shops:
D:3 =

Annotations:
D:5 Duvessa


Innate Abilities, Weirdness & Mutations

You are immune to sickness and miasma.
Your stone body is resilient. (AC +4)
You are immune to poison.
You resist negative energy. (rN+)
You are resistant to electric shocks. (rElec)
You are resistant to unholy torment.
You are immune to petrification.


Message History

You hit Duvessa but do no damage.
Duvessa is moderately wounded.
Duvessa hits you with a +0 short sword! Duvessa closely misses you.
You block Duvessa's attack.
Unknown command.
You barely miss Duvessa.
Duvessa is moderately wounded.
Duvessa hits you with a +0 short sword! Duvessa misses you.
Unknown command.
You feel better. Duvessa barely misses you.
You feel clever all of a sudden. Duvessa hits you with a +0 short sword!
* * * LOW HITPOINT WARNING * * *
Duvessa misses you.
Unknown command.
Okay, then.
You can't see any enemies this would affect, really read the scroll of fear?
Okay, then.
Unknown command.
Unknown command.
Unknown command.
As you read the scroll labelled XOCKOHUOKA, it crumbles to dust.
You feel aware of your surroundings.
You sensed 1 altar.
It was a scroll of magic mapping.
Duvessa hits you with a +0 short sword.
* * * LOW HITPOINT WARNING * * *
Unknown command.
Blink to where?
Press: ? - help, Dir - move target
As you read the scroll labelled GOFOSOOS VURYU, it crumbles to dust.
It was a scroll of blinking.
Duvessa is no longer more vulnerable to fire.
Duvessa rages.
You hear a shout!
Duvessa attacks as you move away! Duvessa hits you with a +0 short sword.
* * * LOW HITPOINT WARNING * * *
Duvessa hits you with a +0 short sword.
* * * LOW HITPOINT WARNING * * *
Okay, then.
You feel better. Duvessa hits you with a +0 short sword!
You die...

##........###*,
#............,,
#..........#***
#....<.....# ####
#...e......# #..#
#..........# #..#
##........##
#..####....[...#*
#.e@.#..........# *
#.##>...........#* *
#..##............# *
######.###...........# *
##......# #...........***
##.......####.........,,**
#.........# ##........,,,,
#.........# #.######.,,,,
#.........# *.# *,,,,,


You could see Duvessa (berserk).

Vanquished Creatures
  Menkaure (D:5)
  An ogre (D:4)
  A scorpion (D:4)
  Dowan (D:5)
  A hound (D:5)
  An iguana (D:4)
  3 adders
  A shadow imp (D:3)
  A white imp (D:5)
  A worm (D:2)
  A dart slug (D:1)
  4 orcs
  4 endoplasms
  2 giant cockroaches (D:2)
  9 goblins
  6 hobgoblins
  4 jackals
  3 quokkas
  4 ball pythons
  7 bats
  2 frilled lizards
  8 kobolds
  2 rats (D:1)
68 creatures vanquished.

Vanquished Creatures (collateral kills)
  A foxfire (D:3)
1 creature vanquished.

Vanquished Creatures (others)
  156 foxfires
156 creatures vanquished.

Grand Total: 225 creatures vanquished

Notes
Turn   | Place    | Note
-------+----------+-------------------------------------------
     0 | D:1      | bjtr the Gargoyle Fire Elementalist began the quest for the
                  | Orb.
     0 | D:1      | Reached XP level 1. HP: 10/10 MP: 3/3
   199 | D:1      | Reached XP level 2. HP: 15/15 MP: 0/5
   738 | D:1      | Reached XP level 3. HP: 19/19 MP: 1/6
  1282 | D:2      | Learned a level 2 spell: Scorch
  1286 | D:2      | Learned a level 3 spell: Inner Flame
  1577 | D:2      | Found a faded altar of an unknown god.
  1929 | D:3      | Reached XP level 4. HP: 23/24 MP: 5/7
  2261 | D:3      | Found Itettic's Jewellery Shop.
  2923 | D:4      | Noticed an ogre
  3039 | D:4      | Reached XP level 5. HP: 18/28 MP: 1/9
  3197 | D:4      | Learned a level 2 spell: Searing Ray
  3356 | D:4      | Found a staircase to the Ecumenical Temple.
  3377 | Temple   | Entered the Ecumenical Temple
  3438 | Temple   | Became a worshipper of Vehumet
  3679 | D:4      | Found a sparkling altar of Nemelex Xobeh.
  3777 | D:4      | Killed an ogre
  3778 | D:4      | Reached skill level 1 in Shields
  3864 | D:5      | Entered Level 5 of the Dungeon
  3869 | D:5      | Reached XP level 6. HP: 32/32 MP: 5/11
  3956 | D:5      | Noticed Duvessa
  3959 | D:5      | Noticed Dowan
  3963 | D:5      | Noticed Menkaure
  4125 | D:5      | Killed Menkaure
  4297 | D:5      | Killed Dowan
  4298 | D:5      | Reached XP level 7. HP: 36/36 MP: 5/13
  4321 | D:5      | Slain by Duvessa

Illustrated notes

Levels and vault maps discovered:
D:1:      sevenhm_arrival_forest_fort_small_5, layout_basic,
          nicolae_figureground_pulse
D:2:      layout_basic, shapermc_ecumenical_altar_venn
D:3:      layout_loops_ring, serial_shops, nicolae_shop_trees,
          serial_bayou_lagoon_b
D:4:      layout_rooms, nemelex_diamond_rough_becter,
          minmay_temple_entry_arrows, item_on_display_b
D:5:      layout_rooms, mainiacjoe_overflow_chevrons,
          nicolae_kite_square_tiling_tiny, uniq_duvessa, uniq_menkaure
Temple:   eino_temple_scatter_basement

Skill      XL: |  1  2  3  4  5  6 |
---------------+-------------------+-----
Fire Magic     | 4 |  4.9
Armour         | 2 |  2.5
Spellcasting   | 3 4 |  4.4
Shields        | 1 |  1.6
Conjurations   | 2 |  2.1
Fighting       | |  0.3
Dodging        | |  1.6
Stealth        | |  2.4

Action                   |  1- 3 |  4- 6 |  7- 9 || total
-------------------------+-------+-------+-------++-------
Melee: Unarmed           |     1 |       |       ||     1
       Mace              |    18 |     3 |       ||    21
       Flail             |       |     9 |       ||     9
       Morningstar       |       |       |     2 ||     2
 Cast: Foxfire           |    54 |    40 |       ||    94
       Scorch            |     6 |    29 |     3 ||    38
  Use: Scroll            |     3 |     4 |     2 ||     9
       Potion            |       |       |     3 ||     3
Armor: Robe              |    15 |       |       ||    15
       Leather armour    |       |    10 |     2 ||    12
Dodge: Dodged            |    25 |    25 |     4 ||    54
Block: Buckler           |     3 |     5 |     1 ||     9

Table legend: (Time is in decaauts)
 A = Elapsed time spent in this place.
 B = Non-inter-level travel time spent in this place.
 C = Inter-level travel time spent in this place.
 D = Time resting spent in this place.
 E = Time spent auto-exploring this place.
 F = Levels seen in this place.
 G = Mean time per level.
                   A        B        C        D        E       F      G
               +--------+--------+--------+--------+--------+-----+--------+
         Total |   4351 |   4126 |    225 |    771 |   2536 |   6 |  725.2 |
       Dungeon |   4132 |   3907 |    225 |    771 |   2353 |   5 |  826.4 |
        Temple |    218 |    218 |      0 |      0 |    183 |   1 |  218.0 |
               +--------+--------+--------+--------+--------+-----+--------+

Top non-repeatable levels by time:
     D:3: 1005 daAuts
     D:1: 994 daAuts
     D:2: 891 daAuts
     D:4: 888 daAuts
     D:5: 351 daAuts
  Temple: 218 daAuts
